 Dungeon Crawl Stone Soup version 0.26.1-2-gb8aa6d0cf2 (webtiles) character file.

Game seed: 10289137930732254188

273488 Amplified the Warrior (level 19, -9/163 HPs)
             Began as a Demonspawn Brigand on Mar 18, 2021.
             Was the Champion of Makhleb.
             Collided with a metal wall (18 damage)
             ... caused by Frederick
             ... on level 4 of the Vaults on Mar 20, 2021.
             The game lasted 01:19:59 (46222 turns).

Amplified the Warrior (Demonspawn Brigand)         Turns: 46222, Time: 01:20:00

Health: -9/163     AC: 19    Str: 21    XL:     19   Next: 50%
Magic:  30/30      EV: 19    Int: 15    God:    Makhleb [******]
Gold:   1629       SH:  6    Dex: 12    Spells: 18/18 levels left

rFire    + . .     SeeInvis .   Q - +8 whip "Snakebite" {curare, rPois}
rCold    . . .     Faith    .   R - +0 buckler {AC+3}
rNeg     . . .     Spirit   .   N - +1 leather armour of Zofatyo {Will+ Str+2 Dex-3 Slay+4}
rPois    +         Reflect  .   K - +2 hat "Uqamn" {rF+ Str+2}
rElec    .         Harm     .   c - +2 cloak
rCorr    +         Rampage  .   y - +2 pair of gloves
Will     ++...                  (boots unavailable)
Stlth    ++++++....             g - amulet of the acrobat
HPRegen  0.37/turn              r - ring of poison resistance
MPRegen  0.22/turn              v - ring of resist corrosion

@: studying 2 skills
A: talons 3, demonic guardian 2, spiny 3, sharp scales 3
}: 2/15 runes: decaying, gossamer
a: Renounce Religion, Minor Destruction, Lesser Servant of Makhleb, Major
Destruction, Greater Servant of Makhleb


You were on level 4 of the Vaults.
You worshipped Makhleb.
Makhleb was exalted by your worship.
You visited 7 branches of the dungeon, and saw 38 of its levels.
You also visited: Gauntlet and Ice Cave.

You collected 4202 gold pieces.
You spent 2573 gold pieces at shops.

Inventory:

Hand Weapons
 k - a +9 lajatang of electrocution
 q - a +4 eveningstar of draining
 Q - the +8 whip "Snakebite" (weapon) {curare, rPois}
   (You found it in an ice cave)

   It poisons the flesh of those it strikes.
   It protects you from poison.
 T - the +11 rapier "Bisujih" {venom, rElec rF- rN+ Int+7}
   (You found it on level 3 of the Elven Halls)

   It poisons the flesh of those it strikes.
   It affects your intelligence (+7).
   It makes you vulnerable to fire.
   It insulates you from electricity.
   It protects you from negative energy.
Missiles
 d - 117 poisoned darts (quivered)
 u - 14 curare-tipped darts
 w - 24 silver javelins
 D - 8 atropa-tipped darts
Armour
 c - a +2 cloak (worn)
 y - a +2 pair of gloves (worn)
 z - +0 storm dragon scales
 K - the +2 hat "Uqamn" (worn) {rF+ Str+2}
   (You acquired it on level 4 of the Vaults)

   It affects your strength (+2).
   It protects you from fire.
 L - the +0 helmet of Wu Jian's Displeasure {-Tele +Inv rPois Int+6}
   (You found it on level 3 of the Spider Nest)

   It affects your intelligence (+6).
   It protects you from poison.
   It lets you turn invisible.
   It prevents most forms of teleportation.
 N - the +1 leather armour of Zofatyo (worn) {Will+ Str+2 Dex-3 Slay+4}
   (You found it on level 1 of the Lair of Beasts)

   It affects your strength (+2).
   It affects your dexterity (-3).
   It affects your accuracy and damage with ranged weapons and melee attacks
   (+4).
   It affects your willpower, your defense against some magical effects.
 R - a +0 buckler of protection (worn)
 Y - the +2 leather armour of the Sun {-Tele rN++ Str+2}
   (You bought it in a shop on level 2 of the Orcish Mines)

   It affects your strength (+2).
   It greatly protects you from negative energy.
   It prevents most forms of teleportation.
Jewellery
 a - the ring "Nialipsa" {Will+ Str+2}
   (You found it on level 2 of the Swamp)

   [ring of willpower]

   It affects your strength (+2).
   It affects your willpower, your defense against some magical effects.
 e - an uncursed ring of see invisible
 g - an amulet of the acrobat (around neck)
 m - an uncursed ring of positive energy
 r - a ring of poison resistance (left hand)
 v - a ring of resist corrosion (right hand)
Wands
 o - a wand of paralysis (7)
 A - a wand of iceblast (3)
 H - a wand of acid (8)
 V - a wand of flame (56)
 X - a wand of disintegration (20)
Scrolls
 f - 20 scrolls of remove curse
 h - 4 scrolls of fog
 l - 5 scrolls of immolation
 x - 16 scrolls of teleportation
 E - 5 scrolls of amnesia
 F - 3 scrolls of enchant armour
 G - a scroll of silence
 P - 5 scrolls of identify
Potions
 b - 7 potions of magic
 i - 7 potions of flight
 j - a potion of haste
 s - 6 potions of mutation
 t - 8 potions of ambrosia
 B - 3 potions of curing
 C - 10 potions of attraction
 U - 3 potions of brilliance
 W - a potion of cancellation
Books
 J - a manual of Long Blades
 O - a manual of Axes
Miscellaneous
 n - a phantom mirror
 I - a lightning rod (4/4)


   Skills:
 * Level 17.9 Fighting
 - Level 14.0 Short Blades
 - Level 8.7(9.2) Maces & Flails
 - Level 4.8(7.4) Staves
 - Level 1.7 Throwing
 * Level 7.6 Armour
 * Level 12.7 Dodging
 - Level 15.4 Stealth
 - Level 8.2 Shields
 - Level 15.3 Invocations


You had 18 spell levels left.
You didn't know any spells.
Your spell library contained the following spells:

 Spells                   Type           Power        Failure   Level
 Animate Skeleton         Necr           0%           30%         1
 Apportation              Tloc           0%           30%         1
 Corona                   Hex            0%           30%         1
 Summon Small Mammal      Summ           0%           30%         1
 Corpse Rot               Necr/Air       N/A          43%         2
 Passwall                 Tmut/Erth      0%           43%         2
 Poisonous Vapours        Pois/Air       0%           43%         2
 Swiftness                Air            0%           43%         2
 Conjure Flame            Conj/Fire      0%           67%         3
 Lesser Beckoning         Tloc           0%           67%         3
 Mephitic Cloud           Conj/Pois/Air  0%           67%         3
 Spider Form              Tmut/Pois      0%           67%         3
 Stone Arrow              Conj/Erth      0%           67%         3
 Tukima's Dance           Hex            0%           67%         3
 Cause Fear               Hex            0%           97%         4
 Olgreb's Toxic Radiance  Pois           0%           97%         4
 Passage of Golubria      Tloc           N/A          97%         4
 Alistair's Intoxication  Tmut/Pois      0%           100%        5
 Irradiate                Conj/Tmut      0%           100%        5
 Lee's Rapid Deconstruct  Erth           0%           100%        5
 Silence                  Hex/Air        0%           100%        5
 Summon Forest            Summ/Tloc      0%           100%        5
 Summon Mana Viper        Hex/Summ       0%           100%        5
 Yara's Violent Unravell  Hex/Tmut       0%           100%        5
 Dispersal                Tloc           0%           100%        6
 Eringya's Noxious Bog    Tmut/Pois      0%           100%        6
 Freezing Cloud           Conj/Ice/Air   0%           100%        6
 Hydra Form               Tmut           0%           100%        6
 Invisibility             Hex            0%           100%        6
 Statue Form              Tmut/Erth      0%           100%        6
 Dragon Form              Tmut           0%           100%        7
 Summon Hydra             Summ           0%           100%        7
 Discord                  Hex            0%           100%        8


Dungeon Overview and Level Annotations

Branches:
Dungeon (15/15)            Temple (0/1) D:5            Lair (6/6) D:10
  Swamp (4/4) Lair:4       Spider (4/4) Lair:2        Slime (0/5) Lair:5
    Orc (2/2) D:10            Elf (3/3) Orc:2        Vaults (4/5) D:14
  Crypt (0/3) Vaults:2     Depths (0/5) D:15          IceCv (visited)
Gauntlet (visited)

Altars:
Cheibriados
Dithmenos
Elyvilon
Fedhas
Gozag
Hepliaklqana
Makhleb
Qazlal
Ru
Trog
Xom
Yredelemnul
Zin
Beogh

Shops:
D:5 }   D:9 *[[*   Orc:2 [*(=   Elf:1 ?   Elf:3 :   Vaults:1 [   Vaults:3 }

Portals:
Trove: D:15 (show slimy rune of Zot)

Annotations:
D:14 1 runed translucent door
D:15 1 transporter, ZLogic's ghost, journeyman SpEn
Lair:2 Consider lajatang, exclusion: oklob plant
Elf:2 5 runed translucent doors
Vaults:4 Frederick


Innate Abilities, Weirdness & Mutations

You have claws for feet.
A demonic guardian rushes to your aid.
You are completely covered in sharp spines.
You are completely covered in razor-sharp scales. (AC +3, Slay +3)


Message History

Frederick points at you and mumbles some strange words.
The lance of force misses you.
Unknown command.
Frederick points at you and mumbles some strange words.
The iron shot hits you!!!
You are too injured to fight recklessly!
You are too injured to fight recklessly!
Unknown command.
You are too injured to fight recklessly!
Unknown command.
Okay, then.
Okay, then.
Okay, then.
A demon appears!
Frederick gestures at you while chanting.
The lance of force hits you!!!
* * * LOW HITPOINT WARNING * * *
You are knocked back by the lance of force.
You slam into the metal wall!
You die...

#......##...........
#.####.##...........
#.#§≈#.##)..........
#.#≈≈#.##..#########
#.#≈≈#.##..#
#.####.##..#
#......##..#
#########..# #@.#
#..#########
#.2.........
#...........
#....@...?..
#...........
#...........
#...........
#...........


You could see Frederick (extremely poisoned) and a friendly green death
(summoned).

Vanquished Creatures
  A lich (D:14)
  A tentacled monstrosity (Swamp:4)
  Jorgrun (Orc:1)
  Agnes (Elf:1)
  A sphinx (Vaults:3)
  A storm dragon (Vaults:3)
  4 ghost moths
  Louise (Swamp:4)
  An orc warlord (Orc:2)
  2 vault wardens
  An emperor scorpion (Spider:4)
  A deep elf elementalist (Elf:2)
  2 ironheart preservers (Vaults:3)
  A very ugly thing (Swamp:4)
  A stone giant (Vaults:3)
  2 deep elf demonologists
  A minotaur (Gauntlet)
  2 spark wasps (Spider:4)
  A bunyip (Swamp:3)
  2 green deaths (Swamp:4)
  2 eleionomae (Swamp:4)
  An ettin (Vaults:1)
  A deep elf death mage (Elf:1)
  3 ice dragons
  2 ogre magi
  16 hydras
  A fire dragon (Vaults:3)
  A yaktaur captain (Vaults:3)
  5 boulder beetles
  Erolcha (Orc:1)
  The ghost of dreux the Cleaver, a journeyman FoAr of Ru (D:14)
  4 centaur warriors
  13 two-headed ogres
  3 ghost crabs
  6 alligators
  2 death yaks (Lair:4)
  A death knight (Vaults:3)
  2 deep troll earth magi (D:14)
  8 dancing weapons
  5 orc high priests
  A fire crab (Lair:6)
  7 deep elf knights
  A sixfirhy (Gauntlet)
  7 deep trolls (Vaults:3)
  7 swamp dragons
  2 goliath frogs
  6 skeletal warriors
  2 spriggan druids
  3 unseen horrors
  14 deep elf archers
  9 bog bodies
  2 orange crystal statues
  A wizard (D:14)
  A lindwurm (Lair:5)
  11 orc knights
  4 ironbrand convokers
  4 cyclopes
  A stone giant zombie (Vaults:4)
  39 deep elf magi
  5 necromancers
  10 ugly things
  23 orb spiders
  27 wolf spiders
  10 orc sorcerers
  5 will-o-the-wisps
  A shadow dragon skeleton (Vaults:4)
  2 moths of wrath
  A salamander (shapeshifter) (D:14)
  A manticore (D:13)
  3 oklob plants (Lair:1)
  9 elephants
  A stone giant skeleton (Vaults:4)
  Maurice (D:8)
  A guardian serpent (shapeshifter) (Vaults:3)
  3 black mambas
  A rust devil (D:14)
  A black mamba (shapeshifter) (D:14)
  2 ice statues (IceCv)
  3 orange demons (Swamp:4)
  11 cane toads
  3 centaur zombies
  A cane toad (shapeshifter) (D:14)
  2 torpor snails (Lair:6)
  A gargoyle (D:13)
  4 vault sentinels
  8 ice devils (IceCv)
  3 rime drakes
  A kobold demonologist (D:12)
  12 demonic crawlers
  2 freezing wraiths (Vaults:1)
  11 komodo dragons
  A swamp worm zombie (Swamp:3)
  5 yaktaurs
  A harpy zombie (D:14)
  11 trolls
  A jumping spider (shapeshifter) (D:13)
  A meliai (shapeshifter) (Vaults:3)
  9 polar bears (Lair:6)
  A merfolk (D:11)
  33 jumping spiders
  3 meliai (D:13)
  18 hornets
  9 tyrant leeches
  20 slime creatures
  20 blink frogs
  A dream sheep (shapeshifter) (D:13)
  3 raiju (Lair:6)
  A dream sheep (Lair:6)
  A raiju (shapeshifter) (Vaults:1)
  An alligator zombie (Swamp:3)
  A yak (shapeshifter) (Vaults:1)
  4 wyverns
  79 redbacks
  8 spriggans
  8 air elementals
  2 vampires
  3 shadows
  4 water elementals
  38 tarantellas
  69 yaks
  4 wraiths
  2 fire elementals
  A human (shapeshifter) (D:14)
  4 basilisks
  A tyrant leech zombie (Swamp:3)
  A steam dragon (D:14)
  14 swamp worms
  10 vampire mosquitoes
  6 wargs
  2 soldier ants (D:14)
  2 acid dragons
  14 hell hounds (Lair:6)
  2 large abominations (Swamp:4)
  13 water moccasins
  44 orc warriors
  6 sky beasts
  4 phantoms
  A hornet zombie (Swamp:3)
  14 ice beasts
  A black bear (shapeshifter) (D:14)
  10 black bears (Lair:6)
  An eye of draining (shapeshifter) (Vaults:1)
  2 swamp drakes (Swamp:3)
  3 eyes of draining
  2 necrophages
  14 ogres
  34 wolves
  12 centaurs
  A big kobold (D:12)
  A komodo dragon zombie (Swamp:3)
  14 bullfrogs
  A glowing shapeshifter simulacrum (Vaults:3)
  2 wyvern zombies
  A wyvern skeleton (D:14)
  A gnoll sergeant (D:10)
  3 earth elementals
  2 scorpions
  23 killer bees
  14 wights
  3 howler monkeys
  3 electric eels
  3 draconian simulacra (IceCv)
  3 bullfrog zombies
  3 bullfrog skeletons
  A centaur skeleton (D:5)
  4 hounds
  2 jellies
  26 orc priests
  29 orc wizards
  3 gnoll shamans
  6 iron imps (D:14)
  3 iguanas
  7 worker ants
  A yak simulacrum (Lair:2)
  3 polar bear simulacra (Lair:2)
  A troll simulacrum (IceCv)
  A killer bee zombie (D:10)
  4 wolf simulacra (Lair:2)
  3 centaur simulacra
  Robin (D:2)
  2 worker ant zombies
  23 gnolls
  11 adders
  4 naga simulacra (IceCv)
  An ogre simulacrum (IceCv)
  2 river rats (D:10)
  A swamp drake zombie (Swamp:3)
  A shadow imp (D:8)
  2 white imps
  5 ufetubi
  2 oozes (D:2)
  2 adder skeletons
  A worm (D:3)
  8 dart slugs
  7 leopard geckos
  112 orcs
  6 giant cockroaches
  15 goblins
  8 hobgoblins
  14 jackals
  14 kobolds
  7 quokkas
  2 ball pythons
  6 bats
  7 frilled lizards
  8 rats
  3 river rat simulacra (Lair:2)
1424 creatures vanquished.

Vanquished Creatures (collateral kills)
  The ghost of Makiuc the Warrior, an adept VSGl of Uskayaw (Spider:3)
  A frost giant (Vaults:1)
  A stone giant (Vaults:1)
  A very ugly thing (Swamp:4)
  An ettin (Vaults:1)
  A yaktaur captain (Vaults:1)
  A catoblepas (Lair:5)
  A hydra (Lair:1)
  5 two-headed ogres
  An ogre mage (Vaults:2)
  A deep elf knight (Elf:3)
  A skeletal warrior (D:13)
  A bog body (Swamp:2)
  3 swamp dragons
  An orc knight (Vaults:1)
  4 deep elf archers
  A will-o-the-wisp (Swamp:3)
  3 wolf spiders (Spider:4)
  2 ugly things (Vaults:4)
  2 deep elf magi (Elf:3)
  A centaur zombie (D:11)
  A vault sentinel (Vaults:1)
  2 orange demons
  A cane toad (Lair:1)
  A demonic crawler (Spider:4)
  A freezing wraith (Vaults:1)
  A jumping spider (Spider:4)
  A hornet (Vaults:1)
  2 slime creatures
  A blink frog (Lair:2)
  2 redbacks (Spider:3)
  A tarantella (Spider:3)
  A wraith (D:12)
  A basilisk (D:10)
  2 water moccasins
  An orc warrior (Orc:1)
  A black bear (Lair:6)
  4 ogres
  A wolf (Lair:3)
  A big kobold (D:7)
  A small abomination (Swamp:4)
  A water moccasin skeleton (D:5)
  A human simulacrum (Vaults:1)
  2 killer bees
  An orc wizard (D:7)
  2 gnolls
  A shadow imp (D:7)
  2 dart slugs (D:5)
  8 orcs
  A kobold (D:12)
80 creatures vanquished.

Vanquished Creatures (others)
  A goliath frog (Swamp:2)
  An unseen horror (Vaults:1)
  A deep elf mage (Elf:2)
  A bloated husk (Swamp:2)
  A redback (Spider:3)
  A fire elemental (Elf:2)
  An earth elemental (Elf:2)
  A bullfrog skeleton (D:12)
  16 foxfires
  25 fungi
  52 plants
  14 withered plants (Gauntlet)
115 creatures vanquished.

Grand Total: 1619 creatures vanquished

Notes
Turn   | Place    | Note
-------+----------+-------------------------------------------
     0 | D:1      | Amplified the Demonspawn Brigand began the quest for the
                  | Orb.
     0 | D:1      | Reached XP level 1. HP: 16/16 MP: 1/1
    53 | D:1      | Reached skill level 1 in Dodging
   234 | D:1      | Gained mutation: You have sharp toenails. [demonic
                  | ancestry]
   234 | D:1      | Reached XP level 2. HP: 21/22 MP: 2/2
   669 | D:1      | Gained mutation: You are partially covered in sharp spines.
                  | [demonic ancestry]
   669 | D:1      | Reached XP level 3. HP: 26/28 MP: 3/3
  1421 | D:2      | Gained mutation: A weak demonic guardian rushes to your
                  | aid. [demonic ancestry]
  1421 | D:2      | Reached XP level 4. HP: 34/34 MP: 4/4
  1468 | D:2      | Noticed Robin
  1486 | D:2      | Killed Robin
  1874 | D:2      | Reached skill level 3 in Fighting
  2114 | D:2      | Reached XP level 5. HP: 39/41 MP: 5/5
  3272 | D:3      | Noticed a phantom
  3298 | D:3      | Killed a phantom
  3299 | D:3      | Reached XP level 6. HP: 32/48 MP: 6/6
  3622 | D:3      | Found a bloodstained altar of Trog.
  4232 | D:4      | Reached skill level 4 in Fighting
  4232 | D:4      | Reached skill level 5 in Stealth
  4390 | D:4      | Found a glowing silver altar of Zin.
  4650 | D:4      | Found a faded altar of an unknown god.
  4650 | D:4      | Found an opulent altar of Gozag.
  4658 | D:4      | Found a basalt altar of Yredelemnul.
  4660 | D:4      | Found a burning altar of Makhleb.
  4662 | D:4      | Found a faded altar of an unknown god.
  4666 | D:4      | Became a worshipper of Makhleb the Destroyer
  4706 | D:5      | Entered Level 5 of the Dungeon
  4728 | D:5      | Reached skill level 1 in Shields
  4728 | D:5      | Gained mutation: You have razor-sharp toenails. [demonic
                  | ancestry]
  4728 | D:5      | Reached XP level 7. HP: 27/54 MP: 7/7
  4888 | D:5      | Found a staircase to the Ecumenical Temple.
  5336 | D:5      | Found a shimmering altar of Xom.
  5527 | D:5      | Found a blossoming altar of Fedhas.
  5647 | D:5      | Found Qenwot's Gadget Shop.
  5817 | D:5      | Found a stormy altar of Qazlal.
  5846 | D:5      | Reached * piety under Makhleb
  6033 | D:6      | Found a white marble altar of Elyvilon.
  6204 | D:6      | Reached skill level 5 in Fighting
  6217 | D:6      | Gained mutation: You are partially covered in razor-sharp
                  | scales. (AC +1, Slay +1) [demonic ancestry]
  6217 | D:6      | Reached XP level 8. HP: 53/62 MP: 8/8
  7106 | D:7      | Noticed a hornet
  7111 | D:7      | Killed a hornet
  7112 | D:7      | Reached skill level 5 in Short Blades
  7143 | D:7      | Noticed a troll
  7165 | D:7      | Killed a troll
  7167 | D:7      | Reached skill level 6 in Fighting
  7479 | D:7      | Reached XP level 9. HP: 69/69 MP: 9/9
  7483 | D:7      | Reached ** piety under Makhleb
  8092 | D:8      | Noticed Maurice
  8106 | D:8      | Killed Maurice
  8107 | D:8      | Reached skill level 7 in Fighting
  8107 | D:8      | Reached skill level 5 in Shields
  8237 | D:8      | Reached *** piety under Makhleb
  8423 | D:8      | Noticed a two-headed ogre
  8437 | D:8      | Killed a two-headed ogre
  8438 | D:8      | Gained mutation: You are mostly covered in sharp spines.
                  | [demonic ancestry]
  8438 | D:8      | Reached XP level 10. HP: 76/79 MP: 10/10
  8455 | D:8      | Found a hazy altar of Hepliaklqana.
  8734 | D:9      | Found Daerefry's Assorted Antiques.
  8740 | D:9      | Bought a scroll labelled ATZEGGURCHO for 25 gold pieces
  8740 | D:9      | Bought a scroll labelled YCRUKHL SOILYJUBI for 25 gold
                  | pieces
  8740 | D:9      | Bought a bubbling amethyst potion for 22 gold pieces
  8740 | D:9      | Bought a blue potion for 22 gold pieces
  8786 | D:9      | Identified Ohudeq's Reference Book on the Entourage and
                  | Translocation
  8957 | D:9      | Reached skill level 8 in Fighting
  9068 | D:9      | Found Itawaeh's General Store.
  9076 | D:9      | Bought a potion of heal wounds for 55 gold pieces
  9076 | D:9      | Found Boeli's Antique Armour Shop.
  9175 | D:9      | Found Keoczuyg's Antique Armour Emporium.
  9268 | D:9      | Found a sacrificial altar of Ru.
  9347 | D:9      | Found a shadowy altar of Dithmenos.
  9397 | D:9      | Found a shadowy altar of Dithmenos.
  9682 | D:9      | Found a shimmering altar of Xom.
  9813 | D:10     | Entered Level 10 of the Dungeon
  9951 | D:10     | Noticed a two-headed ogre
  9970 | D:10     | Killed a two-headed ogre
 10087 | D:10     | Reached **** piety under Makhleb
 10149 | D:10     | Found a staircase to the Orcish Mines.
 10188 | D:10     | Found a roughly hewn altar of Beogh.
 10357 | D:10     | Found a staircase to the Lair.
 10358 | D:10     | Noticed an elephant
 10361 | D:10     | Paralysed by a hornet for 3 turns
 10406 | D:10     | Killed an elephant
 10407 | D:10     | Gained mutation: You have claws for feet. [demonic
                  | ancestry]
 10407 | D:10     | Reached XP level 11. HP: 65/87 MP: 11/11
 10614 | D:10     | Reached skill level 9 in Fighting
 11466 | D:11     | Found a gate leading to a gauntlet.
 11467 | D:11     | Noticed a centaur warrior
 11474 | D:11     | Killed a centaur warrior
 11479 | Gauntlet | Entered a Gauntlet
 11479 | Gauntlet | Found a transporter.
 11479 | Gauntlet | Found a transporter.
 11479 | Gauntlet | Found a transporter.
 11480 | Gauntlet | Found a transporter.
 11483 | Gauntlet | Found a transporter.
 11483 | Gauntlet | Found a transporter.
 11493 | Gauntlet | Found a transporter.
 11493 | Gauntlet | Noticed a sixfirhy
 11495 | Gauntlet | Noticed a tengu warrior
 11497 | Gauntlet | Found a transporter.
 11509 | Gauntlet | Noticed a reaper
 11512 | Gauntlet | Found a transporter.
 11515 | Gauntlet | Found a transporter.
 11531 | Gauntlet | Found a transporter.
 11535 | Gauntlet | Found a transporter.
 11630 | Gauntlet | Noticed an orange crystal statue
 11731 | Gauntlet | Reached ***** piety under Makhleb
 11752 | Gauntlet | Killed a sixfirhy
 11753 | Gauntlet | Reached skill level 10 in Stealth
 11816 | Gauntlet | Noticed a tengu warrior
 11819 | Gauntlet | Paralysed by a floating eye for 4 turns
 11820 | Gauntlet | Noticed a shining eye
 11825 | Gauntlet | Paralysed by a floating eye for 2 turns
 11828 | Gauntlet | Killed an orange crystal statue
 11829 | Gauntlet | Reached skill level 1 in Invocations
 11832 | Gauntlet | Got a pair of scorched gloves
 11846 | Gauntlet | Identified the +0 pair of gloves of Icviw {Int+3} (You
                  | found it in a Gauntlet)
 11867 | Gauntlet | Identified the +7 quarterstaff of Foolhardiness {flame,
                  | Dex+2}
 11867 | Gauntlet | Noticed a minotaur
 11878 | Gauntlet | Killed a minotaur
 11905 | D:11     | Noticed a green ugly thing
 11914 | D:11     | Killed a green ugly thing
 11964 | D:11     | Noticed a six-headed hydra
 11971 | D:11     | Killed a six-headed hydra
 11972 | D:11     | Reached skill level 10 in Fighting
 12471 | D:11     | Gained mutation: You are mostly covered in razor-sharp
                  | scales. (AC +2, Slay +2) [demonic ancestry]
 12471 | D:11     | Reached XP level 12. HP: 97/97 MP: 14/14
 12534 | D:11     | Noticed a five-headed hydra
 12547 | D:11     | Killed a five-headed hydra
 12752 | D:12     | Reached skill level 5 in Invocations
 12811 | D:12     | Found a large runed translucent door.
 12815 | D:12     | Found a large runed translucent door.
 13129 | D:12     | Noticed a boulder beetle
 13147 | D:12     | Killed a boulder beetle
 13148 | D:12     | Reached skill level 10 in Short Blades
 13183 | D:12     | Reached skill level 11 in Fighting
 13683 | Lair:1   | Entered Level 1 of the Lair of Beasts
 13833 | Lair:1   | Noticed a seven-headed hydra
 13844 | Lair:1   | Killed a seven-headed hydra
 13905 | Lair:1   | Reached XP level 13. HP: 68/106 MP: 19/19
 14085 | Lair:1   | Reached ****** piety under Makhleb
 14147 | Lair:1   | Got a fading leather armour
 14158 | Lair:1   | Identified the +1 leather armour of Zofatyo {Will+ Str+2
                  | Dex-3 Slay+4} (You found it on level 1 of the Lair of
                  | Beasts)
 14573 | Lair:2   | Found a frozen archway.
 14627 | IceCv    | Entered an ice cave
 15093 | IceCv    | Found the +8 whip "Snakebite" {curare, rPois}
 15102 | IceCv    | Got a twisted ring mail
 15136 | IceCv    | Identified the +2 ring mail of Roaton {*Slow Int+4 Slay+6}
                  | (You found it in an ice cave)
 15413 | Lair:2   | Found a hole to the Spider Nest.
 15625 | Lair:2   | Reached skill level 12 in Fighting
 15658 | Lair:2   | Reached skill level 10 in Invocations
 17326 | Lair:4   | Gained mutation: You are completely covered in razor-sharp
                  | scales. (AC +3, Slay +3) [demonic ancestry]
 17326 | Lair:4   | Reached XP level 14. HP: 107/116 MP: 22/22
 17577 | Lair:4   | Found a staircase to the Swamp.
 17651 | Lair:4   | You fall into a shaft and drop 1 floor!
 17832 | Lair:5   | Found a staircase to the Slime Pits.
 18533 | Lair:6   | Entered Level 6 of the Lair of Beasts
 18826 | Lair:6   | Identified the +8 dire flail of the Traitor {elec, Will+}
                  | (You found it on level 6 of the Lair of Beasts)
 18852 | Lair:6   | Reached skill level 13 in Fighting
 20445 | Orc:1    | Entered Level 1 of the Orcish Mines
 20457 | Orc:1    | Noticed Jorgrun
 20470 | Orc:1    | Noticed Erolcha
 20477 | Orc:1    | Killed Erolcha
 20499 | Orc:1    | Killed Jorgrun
 20500 | Orc:1    | Gained mutation: You are completely covered in sharp
                  | spines. [demonic ancestry]
 20500 | Orc:1    | Reached XP level 15. HP: 91/124 MP: 24/24
 20513 | Orc:2    | Entered Level 2 of the Orcish Mines
 21504 | Orc:2    | Found a staircase to the Elven Halls.
 22181 | Orc:2    | Noticed an orc warlord
 22218 | Orc:2    | Killed an orc warlord
 22340 | Orc:2    | Found Xuqo's General Store.
 22341 | Orc:2    | Found Pusann's Jewellery Shop.
 22343 | Orc:2    | Found Kuinapt's Antique Armour Boutique.
 22343 | Orc:2    | Found Soit Kublaa's Antique Weapon Boutique.
 22349 | Orc:2    | Bought a smoking rapier for 297 gold pieces
 22368 | Orc:2    | Bought a faintly glowing plate armour for 588 gold pieces
 22368 | Orc:2    | Bought a slimy plate armour for 588 gold pieces
 22368 | Orc:2    | Bought a slimy leather armour for 147 gold pieces
 22378 | Orc:2    | Identified the cursed +1 plate armour of the Stars {Will+
                  | Stlth+} (You bought it in a shop on level 2 of the Orcish
                  | Mines)
 22391 | Orc:2    | Identified the cursed +0 plate armour of Bitterness {Harm
                  | rN++ Will+++ Int-5 Dex-5} (You bought it in a shop on level
                  | 2 of the Orcish Mines)
 22403 | Orc:2    | Identified the +2 leather armour of the Sun {-Tele rN++
                  | Str+2} (You bought it in a shop on level 2 of the Orcish
                  | Mines)
 22421 | Orc:2    | Bought a scroll of fear for 49 gold pieces
 22421 | Orc:2    | Bought a potion of haste for 140 gold pieces
 22434 | Orc:2    | Identified the +0 rapier of Attainder {flame, rC+ MP+9}
                  | (You bought it in a shop on level 2 of the Orcish Mines)
 22802 | D:13     | Reached skill level 1 in Armour
 22850 | D:13     | Reached skill level 1 in Maces & Flails
 22963 | D:14     | Found a gate to the Vaults.
 22966 | D:15     | Entered Level 15 of the Dungeon
 23296 | D:15     | Found a staircase to the Depths.
 23297 | D:15     | Noticed a fire giant
 23335 | D:15     | Found a transporter.
 23335 | D:15     | Noticed ZLogic's ghost (journeyman SpEn)
 23335 | D:15     | Noticed a storm dragon
 23341 | D:15     | Found a portal to a secret trove of treasure.
 23358 | D:14     | Found a basalt altar of Yredelemnul.
 23366 | D:14     | Reached skill level 14 in Fighting
 24620 | D:14     | Found a runed translucent door.
 24628 | D:14     | Noticed a lich
 24629 | D:14     | Noticed dreux's ghost (journeyman FoAr)
 24633 | D:14     | Found a runed translucent door.
 24928 | D:14     | Found a roughly hewn altar of Beogh.
 25496 | D:14     | Reached XP level 16. HP: 134/134 MP: 26/26
 25510 | D:14     | Killed a lich
 25726 | D:14     | Killed dreux's ghost
 26023 | Elf:1    | Entered Level 1 of the Elven Halls
 26315 | Elf:1    | Noticed Agnes
 26326 | Elf:1    | Killed Agnes
 26434 | Elf:1    | Reached skill level 5 in Maces & Flails
 26596 | Elf:1    | Found Esiupluc's Magic Scroll Shoppe.
 26604 | Elf:1    | Bought a scroll of blinking for 105 gold pieces
 26604 | Elf:1    | Bought a scroll of blinking for 105 gold pieces
 26604 | Elf:1    | Bought a scroll of blinking for 105 gold pieces
 26710 | Elf:1    | Reached skill level 5 in Armour
 27140 | Elf:1    | Noticed an Ice Fiend
 27141 | Elf:1    | Reached skill level 1 in Staves
 27151 | Elf:1    | Reached skill level 15 in Invocations
 28278 | Elf:2    | Reached skill level 15 in Fighting
 28298 | Elf:2    | HP: 6/136 [jumping spider[a deep elf mage] (4)]
 29076 | Orc:2    | Bought an uncursed ring of resist corrosion for 300 gold
                  | pieces
 29266 | Swamp:1  | Entered Level 1 of the Swamp
 29422 | Swamp:1  | HP: 3/136 [will-o-the-wisp/foxfire (13)]
 29874 | Spider:1 | Entered Level 1 of the Spider Nest
 32143 | Spider:2 | Gained mutation: A demonic guardian rushes to your aid.
                  | [demonic ancestry]
 32143 | Spider:2 | Reached XP level 17. HP: 114/142 MP: 28/28
 32693 | Spider:2 | Reached skill level 5 in Dodging
 33788 | Spider:3 | Identified a scroll of acquirement
 33788 | Spider:3 | Acquired a manual of Dodging
 34543 | Spider:3 | Found a runed translucent gate.
 34543 | Spider:3 | Found a runed translucent gate.
 34544 | Spider:3 | Found a runed translucent gate.
 34545 | Spider:3 | Noticed Makiuc's ghost (adept VSGl)
 35067 | Spider:3 | Killed Makiuc's ghost
 35109 | Spider:3 | Got a spiked helmet
 35110 | Spider:3 | Identified the +0 helmet of Wu Jian's Displeasure {-Tele
                  | +Inv rPois Int+6} (You found it on level 3 of the Spider
                  | Nest)
 35112 | Spider:3 | Identified the cursed +0 pair of gloves "Boitsote" {rF-
                  | Regen+ Dex+2 SInv} (You found it on level 3 of the Spider
                  | Nest)
 35198 | Spider:4 | Entered Level 4 of the Spider Nest
 35207 | Spider:4 | Reached skill level 16 in Fighting
 37135 | Spider:4 | Got a gossamer rune of Zot
 37462 | Lair:6   | Got a bone war axe
 37463 | Lair:6   | Identified the +4 war axe of Uncomfortable Rashes {protect,
                  | rPois Int+2 Dex+2} (You found it on level 6 of the Lair of
                  | Beasts)
 37721 | Vaults:1 | Entered Level 1 of the Vaults
 37791 | Vaults:1 | Found a snail-covered altar of Cheibriados.
 38456 | Elf:2    | Reached XP level 18. HP: 153/153 MP: 29/29
 38741 | Elf:2    | Reached skill level 10 in Dodging
 38911 | Elf:2    | Found a huge runed translucent gate.
 38913 | Elf:2    | Found a huge runed translucent gate.
 38913 | Elf:2    | Found a huge runed translucent gate.
 38914 | Elf:2    | Found a huge runed translucent gate.
 38914 | Elf:2    | Found a huge runed translucent gate.
 39113 | Elf:3    | Entered Level 3 of the Elven Halls
 39531 | Elf:3    | Got a bloodstained rapier
 39578 | Elf:3    | Identified the +11 rapier "Bisujih" {venom, rElec rF- rN+
                  | Int+7} (You found it on level 3 of the Elven Halls)
 39622 | Elf:3    | Found Risez's Book Shop.
 39926 | Swamp:1  | Identified the Volume of Vitriolic Beguiling
 40955 | Swamp:2  | Got a scintillating tin ring
 40955 | Swamp:2  | Identified the ring "Nialipsa" {Will+ Str+2} (You found it
                  | on level 2 of the Swamp)
 41484 | Swamp:3  | Reached skill level 17 in Fighting
 42225 | Swamp:4  | Entered Level 4 of the Swamp
 42252 | Swamp:4  | Noticed Louise
 42278 | Swamp:4  | Killed Louise
 42824 | Swamp:4  | Noticed a tentacled monstrosity
 42849 | Swamp:4  | Killed a tentacled monstrosity
 42902 | Swamp:4  | Got a decaying rune of Zot
 43724 | Vaults:1 | Reached XP level 19. HP: 36/161 MP: 25/30
 44107 | Vaults:1 | Found Vueqouti's Armour Emporium.
 44234 | Vaults:2 | Reached skill level 15 in Stealth
 44875 | Vaults:3 | Identified the +2 dagger of Terror {drain, +Fly Str+6
                  | Dex+4} (You found it on level 3 of the Vaults)
 45884 | Vaults:3 | Found Ucset's Gadget Boutique.
 46078 | Vaults:4 | Acquired the +2 hat "Uqamn" {rF+ Str+2}
 46210 | Vaults:4 | Noticed Frederick
 46222 | Vaults:4 | Collided with a metal wall

Illustrated notes

Levels and vault maps discovered:
D:1:      nzn_arrival_water_spiral, layout_basic
D:2:      layout_basic, uniq_robin
D:3:      layout_loops_corners, lightli_temple_of_fire
D:4:      layout_basic, general_overflow_altar,
          chequers_temple_overflow_minitemple
D:5:      kennysheep_slugbush, layout_layer_cave, fedhas_altar_4,
          old_standard_altar, minmay_temple_entry_statues_fountains,
          basic_altar, serial_shops, shop
D:6:      layout_loops_cross, basic_altar
D:7:      layout_rooms
D:8:      layout_gridville, basic_altar, minmay_fractal_squares_gapless_5,
          uniq_maurice
D:9:      layout_layer_cave, nicolae_overflow_hidden_temple, minitemple,
          serial_shops, shop, kennysheep_mini_moat, shop, nicolae_shop_stone,
          nicolae_dithmenos_the_darkroom
D:10:     layout_loops_corners, david_lair_generic,
          minmay_orc_entry_temple_small, pond
D:11:     layout_loops_corners, gauntlet_entry_generic, hangedman_stone_soup
D:12:     layout_rooms, lightli_elemental_guards
D:13:     kennysheep_blocky_hall, layout_rooms
D:14:     layout_loops_ring, david_vaults_2, special_room [special_room_orc],
          muffindrake_ghost_dual_entry, roderic_three_in_a_row,
          lemuel_hellish_altar
D:15:     grunt_enter_depths_giant_problem, layout_stronghold,
          gammafunk_ghost_arena, enter_trove_2
Lair:1:   layout_big_grid, grunt_megastairs_3, lemuel_fruit_fields,
          infiniplex_staircase_pool, minmay_lair_oklob_chamber
Lair:2:   layout_loops_ring, spider_nest_entry_webs,
          portal_ice_cave_entry_ice_beasts, eino_house_with_fridge
Lair:3:   layout_cave_shapes, grunt_megastairs_5
Lair:4:   layout_layer_cave, minmay_swamp_entry_worms, beast_lair_carwin_11
Lair:5:   statuecave_lemuel, layout_gridlike, slime_dummy, serial_bayou_crossing
Lair:6:   hangedman_lair_caniforms_friends, layout_gridlike,
          hangedman_lair_generics_rect
Swamp:1:  layout_falls_marsh, evilmike_swamp_ruin_rubble_1, swamp_pool4
Swamp:2:  layout_basic_swamp, evilmike_swamp_ruin_rubble_2, swamp_pool4,
          lightli_tree_ring
Swamp:3:  layout_falls_marsh, hangedman_swamp_blocks,
          nicolae_swamp_necromancer_hut
Swamp:4:  swamp_vile, layout_basic_swamp, swamp_pool3,
          infiniplex_staircase_pool_2, uniq_louise
Spider:1: layout_spider_delve
Spider:2: layout_spider_delve
Spider:3: nicolae_orb_stairs_large, gammafunk_ghost_tricky_traps,
          spiders_nest_the_unseen
Spider:4: grunt_spider_rune_island, nicolae_spider_webbed_stairs
Orc:1:    layout_caves, uniq_jorgrun, uniq_erolcha
Orc:2:    st_orc_congregation, layout_diamond_mine
Elf:1:    minmay_elf_arrival_circle, layout_loops_corners, serial_shops, shop,
          kennysheep_underground_church, minivault_20, uniq_agnes
Elf:2:    layout_gridlike
Elf:3:    minmay_elf_hall_not_hex, layout_geoelf_octagon, basic_altar,
          serial_shops, shop, hex_large, minivault_16, hangedman_elven_ridges,
          solitary_fountain
Vaults:1: v_misc_29, vaults_dpeg_doors, v_misc_3, v_misc_33,
          nicolae_vaults_network_periphery, st_eye, dpeg_vaults_monster_box,
          v_misc_19, vaults_mumra_lcd, nicolae_vaults_little_squares_6,
          v_rooms_3, layout_vaults_quadrants, basic_altar, serial_shops,
          bzr_in_the_mist
Vaults:2: grunt_vaults_bifocal, nicolae_vaults_three_branches,
          minmay_crypt_entry_simple_sparse, nicolae_vaults_big_ls,
          hangedman_vaults_corner_blocks, nicolae_vaults_little_squares_4,
          v_misc_14, vaults_mumra_minichess, layout_vaults_omnicross,
          serial_shops, shop, uniq_jory, uniq_nikola
Vaults:3: v_misc_19, nicolae_vaults_mini_display_case,
          nicolae_vaults_circle_grid_a, nicolae_vaults_little_squares_2,
          nicolae_vaults_little_squares_3, hangedman_vaults_maws,
          hangedman_vaults_locks, hangedman_vaults_slither,
          ontoclasm_vaults_gallery, nicolae_vaults_network_square,
          nicolae_vaults_little_squares_3, ontoclasm_vaults_pinch,
          nicolae_vaults_asterisk, layout_vaults_omnibox, serial_shops,
          shop_fountains
Vaults:4: vaults_room_semicircle, hangedman_vaults_hat,
          hangedman_vaults_capsules, vaults_room_fancy_cross,
          vaults_dpeg_encased_lava, hangedman_vaults_slice, v_misc_2, v_misc_25,
          v_misc_5, nicolae_vaults_rhombus_7, layout_vaults_big_room,
          uniq_frederick

Skill      XL: |  1  2  3  4  5  6  7  8  9 10 11 12 13 14 15 16 17 18 19 |
---------------+----------------------------------------------------------+-----
Dodging        | 1 2 3 4 9 12 | 12.7
Short Blades   | 2 3 4 5 6 8 9 10 11 12 13 14 | 14.0
Stealth        | 4 5 6 8 9 10 11 12 13 14 15 | 15.4
Fighting       | 3 4 5 6 7 8 10 11 12 13 14 15 16 17 | 17.9
Shields        | 1 2 4 5 7 8 |  8.2
Invocations    | 3 8 10 12 14 15 | 15.3
Armour         | 4 6 7 |  7.6
Maces & Flails | 4 5 8 |  8.7
Staves         | 4 |  4.8
Throwing       | |  1.7

Action                   |  1- 3 |  4- 6 |  7- 9 | 10-12 | 13-15 | 16-18 | 19-21 || total
-------------------------+-------+-------+-------+-------+-------+-------+-------++-------
Melee: Dagger            |    81 |   144 |   270 |       |       |       |       ||   495
       Kick              |    11 |    41 |    84 |   241 |   543 |   412 |   144 ||  1476
       Short sword       |       |       |    30 |   695 |  1039 |       |       ||  1764
       Whip              |       |       |       |       |   328 |   749 |   338 ||  1415
       Lajatang          |       |       |       |       |       |   158 |       ||   158
       Rapier            |       |       |       |       |       |   382 |       ||   382
Throw: Dart              |     2 |    24 |     2 |     5 |       |     1 |       ||    34
       Throwing net      |       |       |       |     3 |     4 |     6 |       ||    13
       Javelin           |       |       |       |       |     4 |       |       ||     4
Invok: Lesser Servant of |       |       |       |     2 |     1 |       |       ||     3
       Greater Servant o |       |       |       |       |       |     5 |     2 ||     7
Evoke: Wand              |       |       |     4 |     4 |     6 |    17 |       ||    31
       Lightning rod     |       |       |       |     1 |     3 |     4 |       ||     8
  Use: Scroll            |     3 |     1 |     7 |    12 |    21 |    37 |     4 ||    85
       Potion            |       |     1 |     2 |     9 |    10 |    16 |     1 ||    39
 Stab: Sleeping          |     9 |    13 |    13 |     9 |    36 |    43 |     8 ||   131
       Distracted        |       |       |     1 |     8 |    15 |     7 |     1 ||    32
       Held in net/web   |       |       |       |     2 |     2 |       |       ||     4
       Invisible         |       |       |       |       |     4 |     5 |       ||     9
       Petrified         |       |       |       |       |     1 |       |       ||     1
Armor: Robe              |    17 |    16 |    16 |       |       |       |       ||    49
       Troll leather arm |       |       |    37 |   143 |    15 |       |       ||   195
       Skin              |       |       |       |    30 |       |       |       ||    30
       Leather armour    |       |       |       |       |   322 |   413 |    64 ||   799
Dodge: Dodged            |    30 |    71 |   113 |   222 |   673 |   898 |   154 ||  2161
Block: Buckler           |       |       |    63 |   145 |   315 |   112 |    49 ||   684
